 Dungeon Crawl Stone Soup version 0.31-a0-859-g9dce7d3444 (webtiles) character file.

Game seed: 3611734065363499323

200 BinkBink the Chopper (level 5, -5/47 HPs)
             Began as a Minotaur Berserker on Oct 10, 2023.
             Was a Priest of Trog.
             Slain by a mummy (19 damage)
             ... in an ossuary.
             The game lasted 00:02:54 (2804 turns).

BinkBink the Chopper (Minotaur Berserker)           Turns: 2804, Time: 00:02:56

Health: -5/47      AC:  2    Str: 24    XL:     5   Next: 49%
Magic:  4/4        EV: 12    Int:  4    God:    Trog [***...]
Gold:   185        SH:  0    Dex:  9    Spells: 4/4 levels left

rFire   . . .        i - +0 war axe
rCold   . . .        (no shield)
rNeg    . . .        b - +0 animal skin
rPois   .            (helmet restricted)
rElec   .            (no cloak)
rCorr   .            (no gloves)
SInv    .            (no boots)
Will    .....        (no amulet)
Stlth   +            (no ring)
HPRegen 0.27/turn    (no ring)
MPRegen 0.09/turn

%: no passive effects
@: no status effects
A: horns 2, retaliatory headbutt
a: Renounce Religion, Berserk, Trog's Hand


You were in an ossuary.
You worshipped Trog.
Trog was most pleased with you.
You visited 1 branch of the dungeon, and saw 4 of its levels.
You also visited: Ossuary.

You collected 185 gold pieces.

Inventory:

Hand Weapons
 i - a +0 war axe (weapon)
Armour
 b - a +0 animal skin (worn)
Wands
 g - a wand of roots (3)
Scrolls
 d - a scroll of revelation {unknown}
 e - 2 scrolls of identify {unknown}
 f - a scroll of fear {unknown}
 j - 2 scrolls of fog {unknown}
 m - a scroll of poison {unknown}
Potions
 a - a potion of enlightenment {unknown}
 c - a potion of curing
 h - a potion of invisibility {unknown}
 k - a potion of brilliance {unknown}
 l - a potion of berserk rage {unknown}


   Skills:
 + Level 4.8 Fighting
 * Level 6.0 Axes
 + Level 4.0 Armour
 - Level 2.1 Dodging


You had 4 spell levels left.
You didn't know any spells.
Your spell library was empty.

Dungeon Overview and Level Annotations

Branches:
Dungeon (4/15)            Ossuary (1/1)
 Temple: D:4-7

Altars:
Wu Jian

Shops:
D:2 :


Innate Abilities, Weirdness & Mutations

You have a pair of horns on your head.
You reflexively headbutt those who attack you in melee.


Message History

The mummy hits you.
You hit the mummy but do no damage.
The mummy is moderately damaged.
You hit the gnoll zombie. You completely miss the mummy.
You hit the gnoll zombie. You barely miss the hobgoblin zombie.
The gnoll zombie closely misses you. You furiously retaliate!
You headbutt the gnoll zombie. The gnoll zombie hits you.
The hobgoblin zombie barely misses you. The mummy closely misses you.
The mummy hits you!
You hit the gnoll zombie. You headbutt the gnoll zombie.
The gnoll zombie is almost destroyed.
You hit the gnoll zombie. You slash the mummy! You barely miss the mummy.
You hit the hobgoblin zombie. The gnoll zombie hits you.
The gnoll zombie barely misses you. The hobgoblin zombie barely misses you.
You furiously retaliate!
You headbutt the hobgoblin zombie. You slash the gnoll zombie!
You destroy the gnoll zombie!
Trog accepts your kill.
You hit the mummy. You barely miss the mummy. You slash the hobgoblin zombie!
You destroy the hobgoblin zombie!
Trog accepts your kill.
You slash the gnoll zombie! The mummy closely misses you.
You furiously retaliate!
You headbutt the mummy. You hit the mummy but do no damage.
The mummy is severely damaged.
You hit the mummy. You barely miss the mummy. The mummy hits you.
The mummy hits you!
* * * LOW HITPOINT WARNING * * *
You are too injured to fight recklessly!
Unknown command.
It was a potion of curing.
You feel better.
You are too injured to fight recklessly!
You slash the gnoll zombie!
You destroy the gnoll zombie!
Trog accepts your kill.
You slash the mummy!
You destroy the mummy!
Trog accepts your kill.
You hit the mummy. The mummy hits you!!
You die...

..... ##..## ..
.....##....##...
................
..............
............
#ZZZ.....#
#.Z....# #M...#
#@M..# #....#
#....# #....#
#....# #....#
#....# #.∩∩.#
######


You could see 2 mummies, 3 hobgoblin zombies and a gnoll zombie.

Vanquished Creatures
  A sleepcap (D:4)
  Terence (D:2)
  3 mummies
  4 gnolls (D:2)
  2 adders
  A worm (D:2)
  2 dart slugs (D:2)
  5 ball pythons
  7 endoplasms
  3 giant cockroaches
  2 goblins
  5 hobgoblins
  6 jackals
  6 kobolds
  3 quokkas
  5 bats
  2 frilled lizards
  2 gnoll zombies (Ossuary)
  A goblin zombie (D:4)
  2 hobgoblin zombies
  An orc zombie (Ossuary)
  4 rats
68 creatures vanquished.

Notes
Turn   | Place    | Note
-------+----------+-------------------------------------------
     0 | D:1      | BinkBink the Minotaur Berserker began the quest for the
                  | Orb.
     0 | D:1      | Reached XP level 1. HP: 19/19 MP: 0/0
   147 | D:1      | Reached skill level 4 in Axes
   200 | D:1      | Reached XP level 2. HP: 27/27 MP: 1/1
   815 | D:2      | Reached ** piety under Trog
   842 | D:2      | Reached XP level 3. HP: 30/33 MP: 2/2
   924 | D:2      | Noticed Terence
   929 | D:2      | Killed Terence
  1073 | D:2      | Found an ornate altar of the Wu Jian Council.
  1153 | D:2      | Reached skill level 5 in Axes
  1153 | D:2      | Reached XP level 4. HP: 27/41 MP: 3/3
  1333 | D:2      | Found a faded altar of an unknown god.
  1562 | D:2      | Found Cac Zeut's Book Emporium.
  2260 | D:3      | Reached XP level 5. HP: 40/47 MP: 4/4
  2773 | D:4      | Found a sand-covered staircase.
  2782 | Ossuary  | Entered an ossuary
  2797 | Ossuary  | Reached skill level 6 in Axes
  2804 | Ossuary  | Reached *** piety under Trog
  2804 | Ossuary  | Slain by a mummy

Illustrated notes

Levels and vault maps discovered:
D:1:      onia_arrival_pyramid, layout_loops_cross, hangedman_decor_points
D:2:      layout_loops_corners, serial_shops, shop,
          nicolae_ecumenical_lake_church, basic_altar, uniq_terence
D:3:      layout_basic
D:4:      layout_cave_pods, nicolae_ossuary_entry_giza,
          chequers_serial_rivers_large_a, uniq_duvessa
Ossuary:  ossuary_tomb_3

Skill      XL: |  1  2  3  4  5 |
---------------+----------------+-----
Axes           | 4 5 6 |  6.0
Fighting       | 4 |  4.8
Armour         | 3 4 |  4.0
Dodging        | |  2.1

Action                     |  1- 3 |  4- 6 || total
---------------------------+-------+-------++-------
  Melee: Hand axe          |    69 |       ||    69
         Headbutt          |     9 |    11 ||    20
         War axe           |     4 |    58 ||    62
    Use: Potion            |       |     1 ||     1
   Stab: Sleeping          |     1 |     2 ||     3
 Armour: Animal skin       |    36 |    42 ||    78
  Dodge: Dodged            |    53 |    35 ||    88

Table legend: (Time is in decaauts)
 A = Elapsed time spent in this place.
 B = Non-inter-level travel time spent in this place.
 C = Inter-level travel time spent in this place.
 D = Time resting spent in this place.
 E = Time spent auto-exploring this place.
 F = Levels seen in this place.
 G = Mean time per level.
                   A        B        C        D        E       F      G
               +--------+--------+--------+--------+--------+-----+--------+
         Total |   2824 |   2662 |    162 |     28 |   2181 |   5 |  564.8 |
       Dungeon |   2801 |   2639 |    162 |     28 |   2176 |   4 |  700.2 |
       Ossuary |     23 |     23 |      0 |      0 |      5 |   1 |   23.0 |
               +--------+--------+--------+--------+--------+-----+--------+

Top non-repeatable levels by time:
     D:2: 1130 daAuts
     D:1: 895 daAuts
     D:3: 682 daAuts
     D:4: 91 daAuts
 Ossuary: 23 daAuts
